 Dungeon Crawl Stone Soup version 0.13-a0-2202-g857913d (webtiles) character file.

646 Kae the Firebug (level 7, -2/36 HPs)
             Began as a Tengu Fire Elementalist on July 2, 2013.
             Slain by an orc (4 damage)
             ... on Level 4 of the Dungeon.
             The game lasted 00:05:42 (3806 turns).

Kae the Firebug (Tengu Fire Elementalist)           Turns: 3806, Time: 00:05:42

HP  -2/36        AC  2     Str 13      XL: 7   Next: 12%
MP  11/16        EV 12     Int 17      God:
Gold 166         SH  0     Dex 15      Spells:  3 memorised,  5 levels left

Res.Fire  : . . .   See Invis. : .   (no weapon)
Res.Cold  : . . .   Warding    : .   a - +0 robe
Life Prot.: . . .   Conserve   : .   (no shield)
Res.Poison: .       Res.Corr.  : .   (helmet restricted)
Res.Elec. : .       Clarity    : .   (no cloak)
Sust.Abil.: . .     Spirit.Shd : .   (no gloves)
Res.Mut.  : .       Stasis     : .   (boots unavailable)
Res.Rott. : .       Flight     : .   (no amulet)
Saprovore : . . .                    (no ring)
                                     (no ring)

@: mighty, slightly resistant to hostile enchantments, fairly stealthy
A: able to fly, beak, talons 3
a: Fly


You were on level 4 of the Dungeon.
You were very hungry.

You visited 1 branch of the dungeon, and saw 4 of its levels.

You collected 146 gold pieces.

Inventory:

Armour
 a - a +0 robe (worn)
Magical devices
 g - a wand of polymorph (15) {unknown}
 v - a wand of draining (7) {unknown}
Comestibles
 c - a bread ration
 m - 2 meat rations
 u - an apple
Scrolls
 e - 8 scrolls of identify {unknown}
 k - 3 scrolls of teleportation {unknown}
 q - 2 scrolls of remove curse {unknown}
 r - a scroll of curse armour {unknown}
 t - 2 scrolls of curse jewellery {unknown}
 w - 3 scrolls of enchant armour {unknown}
Jewellery
 s - a cursed +5 ring of protection {unknown}
Potions
 f - 2 potions of agility {unknown}
 h - a potion of heal wounds {unknown}
 i - a potion of mutation {unknown}
 j - 3 potions of restore abilities
 n - a potion of flight {unknown}
 o - a potion of brilliance {unknown}
 p - a potion of degeneration {unknown}
 x - 2 potions of confusion {unknown}
 z - a potion of curing {unknown}
Books
 b - a book of Flames

   Spells                             Type                      Level
   *Flame Tongue                      Conjuration/Fire             1
   *Throw Flame                       Conjuration/Fire             2
   *Conjure Flame                     Conjuration/Fire             3
   Inner Flame                        Hexes/Fire                   3
   Sticky Flame                       Conjuration/Fire             4
   Fireball                           Conjuration/Fire             5


   Skills:
 - Level 2.1 Dodging
 - Level 2.0 Stealth
 + Level 2.9 Spellcasting
 * Level 5.9 Conjurations
 * Level 6.0 Fire Magic


You had 5 spell levels left.
You knew the following spells:

 Your Spells              Type           Power        Failure   Level  Hunger
a - Flame Tongue          Conj/Fire      ###..        1%          1    #......
b - Throw Flame           Conj/Fire      ###...       2%          2    ##.....
c - Conjure Flame         Conj/Fire      ###.....     6%          3    ###....


Dungeon Overview and Level Annotations

Branches:
Dungeon (4/27)
 Temple: D:4-7

Altars:
Cheibriados
Elyvilon
Trog
the Shining One


Innate Abilities, Weirdness & Mutations

You can fly.
You have a beak for a mouth.
You have claws for feet.


Message History

Aiming: Flame Tongue
Press: ? - help, Shift-Dir - straight line, f/p - orc priest
Aim: an orc priest wearing an orcish leather armour (heavily wounded)
The flame hits the orc priest.
You kill the orc priest!
The orc hits you with an orcish club.
* * * LOW HITPOINT WARNING * * *
The orc closely misses you.
Read which item? (? for menu, Esc to quit)
Okay, then.
Drink which item? (? for menu, Esc to quit)
You feel very mighty all of a sudden. The orc hits you with an orcish club.
* * * LOW HITPOINT WARNING * * *
The orc barely misses you. The orc hits you with an orcish club.
* * * LOW HITPOINT WARNING * * *
The orc barely misses you. The orc hits you.
You die...

## ###### ####.###
##.##.####.#....##.
#.......#...#...#...
##.#..o.@...##...#...
##...oo.#.##.....#...... ##
##[##.#................
#...#......................
#.........................
##.#......................
##.......................
#........................
..........................


You could see 3 orcs.

Vanquished Creatures
  An ogre (D:4)
  The ghost of Pascal76 the Ducker, an average HEGl (D:3)
  Sigmund (D:2)
  2 iguanas (D:4)
  An orc priest (D:4)
  Ijyb (D:2)
  4 adders
  3 gnolls (D:2)
  2 giant mites
  2 worms (D:2)
  An inept item mimic (D:4)
  5 giant geckos
  An ooze (D:2)
  3 ball pythons
  4 bats
  3 giant cockroaches
  7 goblins
  5 hobgoblins
  3 jackals (D:2)
  6 kobolds
  2 giant newts
  7 rats
65 creatures vanquished.

Vanquished Creatures (others)
  A goblin (D:2)
  A kobold (D:1)
2 creatures vanquished.

Grand Total: 67 creatures vanquished

Notes
Turn   | Place    | Note
--------------------------------------------------------------
     0 | D:1      | Kae, the Tengu Fire Elementalist, began the quest for the Orb.
     0 | D:1      | Reached XP level 1. HP: 10/10 MP: 3/3
   285 | D:1      | Found a snail-covered altar of Cheibriados.
   304 | D:1      | Reached XP level 2. HP: 9/15 MP: 1/5
  1068 | D:1      | Reached XP level 3. HP: 19/19 MP: 7/7
  1200 | D:2      | Found a bloodstained altar of Trog.
  1260 | D:2      | Learned a level 2 spell: Throw Flame
  1305 | D:2      | Noticed Ijyb
  1320 | D:2      | Killed Ijyb
  1320 | D:2      | Reached skill level 4 in Fire Magic
  1645 | D:2      | Noticed Sigmund
  1656 | D:2      | Killed Sigmund
  1656 | D:2      | Reached XP level 4. HP: 11/24 MP: 3/9
  1656 | D:2      | Reached XP level 5. HP: 12/28 MP: 3/11
  1888 | D:2      | Learned a level 3 spell: Conjure Flame
  2173 | D:2      | Reached skill level 5 in Fire Magic
  2640 | D:3      | Found a glowing golden altar of the Shining One.
  2649 | D:3      | Found a white marble altar of Elyvilon.
  2806 | D:3      | Noticed Pascal76's ghost (average HEGl)
  2822 | D:3      | Killed Pascal76's ghost
  2822 | D:3      | Reached skill level 5 in Conjurations
  2822 | D:3      | Reached XP level 6. HP: 21/32 MP: 4/13
  3699 | D:4      | Reached skill level 6 in Fire Magic
  3699 | D:4      | Reached XP level 7. HP: 36/36 MP: 8/15
  3806 | D:4      | Slain by an orc

Action                   |  1- 3 |  4- 6 |  7- 9 || total
-------------------------+-------+-------+-------++-------
Melee: Unarmed           |    30 |    18 |       ||    48
 Cast: Flame Tongue      |    54 |    71 |     6 ||   131
       Throw Flame       |       |     8 |       ||     8
       Conjure Flame     |       |     2 |       ||     2
  Use: Potion            |     4 |       |     1 ||     5
 Stab: Sleeping          |     1 |     2 |       ||     3
